 Dungeon Crawl Stone Soup version 0.29-a0-334-gb41bcbb86e (webtiles) character file.

Game seed: 17135108399745826881

131 zishaf the Digger (level 5, -8/34 HPs)
             Began as an Octopode Earth Elementalist on Apr 15, 2022.
             Killed by divine providence
             ... invoked by an orc priest
              (11 damage)
             ... on level 4 of the Dungeon.
             The game lasted 00:04:06 (3240 turns).

zishaf the Digger (Octopode Earth Elementalist)     Turns: 3240, Time: 00:04:07

Health: -8/34      AC:  1    Str:  7    XL:     5   Next: 14%
Magic:  8/8        EV: 13    Int: 19    God:
Gold:   134        SH:  0    Dex: 13    Spells: 2/8 levels left

rFire   . . .      SeeInvis .   a - +4 dagger
rCold   . . .      Faith    .   (no shield)
rNeg    . . .      Spirit   .   (helmet restricted)
rPois   .          Reflect  .   (no amulet)
rElec   .          Harm     .   (no ring)
rCorr   .          Rampage  .   (no ring)
Will    .....                   (no ring)
Stlth   +++.......              (no ring)
HPRegen 0.11/turn               (no ring)
MPRegen 0.11/turn               (no ring)
                                (no ring)
                                (no ring)

@: no status effects
A: almost no armour, amphibious, 8 rings, camouflage 1, gelatinous body 1,
(nimble swimmer 1), tentacles
a: no special abilities


You were on level 4 of the Dungeon.
You visited 1 branch of the dungeon, and saw 4 of its levels.

You collected 134 gold pieces.

Inventory:

Hand Weapons
 a - a +4 dagger (weapon)
 e - a +0 dagger
Missiles
 k - 101 stones
Scrolls
 c - 5 scrolls of identify {unknown}
 d - 2 scrolls of teleportation {unknown}
 f - 4 scrolls of amnesia {unknown}
 g - 2 scrolls of enchant armour {unknown}
 h - a scroll of vulnerability {unknown}
 i - a scroll of fog {unknown}
 l - a scroll of blinking {unknown}
 m - a scroll of noise {unknown}
 r - a scroll of enchant weapon {unknown}
 v - a scroll of summoning {unknown}
 w - a scroll of fear {unknown}
 x - a scroll of magic mapping {unknown}
Potions
 b - a potion of magic
 j - a potion of degeneration {unknown}
 n - a potion of haste {unknown}
 o - 2 potions of flight {unknown}
 p - a potion of heal wounds {unknown}
 q - a potion of might {unknown}
 s - a potion of curing {unknown}
 t - 2 potions of ambrosia {unknown}
 u - a potion of attraction {unknown}


   Skills:
 + Level 2.0 Fighting
 - Level 2.0 Dodging
 - Level 4.0 Stealth
 - Level 2.0 Spellcasting
 + Level 1.3 Conjurations
 - Level 1.0 Transmutations
 * Level 4.3 Earth Magic


You had 2 spell levels left.
You knew the following spells:

 Your Spells              Type           Power      Damage    Failure   Level
a - Sandblast             Erth           36%        2d10      2%          1
b - Stone Arrow           Conj/Erth      24%        3d8       16%         3
c - Passwall              Tmut/Erth      10%        N/A       9%          2

Your spell library contained the following spells:

 Spells                   Type           Power      Damage    Failure   Level
 Static Discharge         Conj/Air       4%         N/A       19%         2
 Corpse Rot               Necr/Air       2%         N/A       26%         2
 Poisonous Vapours        Pois/Air       2%         N/A       26%         2
 Petrify                  Tmut/Erth      12%        N/A       50%         4
 Lightning Bolt           Conj/Air       2%         1d13      98%         5
 Maxwell's Capacitive Co  Air            0%         ∞         100%        8


Dungeon Overview and Level Annotations

Branches:
Dungeon (4/15)
 Temple: D:4-7

Altars:
Kikubaaqudgha
Uskayaw

Shops:
D:1 *


Innate Abilities, Weirdness & Mutations

You cannot wear most types of armour.
You are amphibious.
You can wear up to eight rings at the same time.
Your skin changes colour to match your surroundings (Stealth+).
Your rubbery body absorbs attacks. (AC +1, EV +1)
((You are camouflaged when in or above water. (Stealth+)))
You have tentacles for arms and can constrict up to eight enemies at once.


Message History

You climb downwards.
Found a ring mail.
Found a stone staircase leading down and a stone staircase leading up.
There is a stone staircase leading up here.
There are monsters nearby!
The helpless dart slug fails to defend itself.
You puncture the dart slug!
You kill the dart slug!
An orc priest comes into view. It is wielding a +0 trident.
A hobgoblin comes into view.
The helpless dart slug fails to defend itself.
You puncture the dart slug!
You kill the dart slug!
An adder comes into view.
Found a robe.
An orc comes into view. It is wielding a +0 short sword.
An orc wizard comes into view. It is wielding a +0 dagger.
The hobgoblin shouts!
The adder hisses angrily.
You hear a shout!
An orc priest comes into view. It is wielding a +0 mace.
The orc shouts!
You barely miss the orc priest.
The orc priest shouts!
You grab the orc priest. You constrict the orc priest.
You hear an angry growl.
The orc priest mumbles some strange prayers to Beogh against you.
Beogh smites you!
You hit the orc priest. You squeeze the orc priest.
The orc priest is severely wounded.
You constrict the orc priest. The adder bites you.
The orc priest mumbles some strange prayers to Beogh against you.
Pain shoots through your body!
* * * LOW HITPOINT WARNING * * *
You hit the orc priest. You squeeze the orc priest.
You kill the orc priest!
The adder bites you.
* * * LOW HITPOINT WARNING * * *
The adder closely misses you. The hobgoblin closely misses you.
The orc priest calls down the wrath of Beogh upon you.
Beogh smites you!
You die...

.#...........#
...#.......#.......##
...........#........#.
......................
......................
.....................#
..............<.>....#
.......[..........####
......o@.............#
......Sg.............#
.......###...........<
..o[o.. #.......###..
....#.. ###.....# .
..####. .....## # #.
.....# #. .......


You could see an orc priest, an orc wizard, an adder, an orc and a hobgoblin.

Vanquished Creatures
  Crazy Yiuf (D:3)
  An orc priest (D:4)
  4 adders
  2 worms
  2 dart slugs (D:4)
  4 ball pythons
  2 bats (D:1)
  6 endoplasms
  A giant cockroach (D:2)
  6 goblins
  7 hobgoblins
  3 jackals (D:3)
  6 kobolds
  2 quokkas
  2 frilled lizards
  5 rats
54 creatures vanquished.

Notes
Turn   | Place    | Note
-------+----------+-------------------------------------------
     0 | D:1      | zishaf the Octopode Earth Elementalist began the quest for
                  | the Orb.
     0 | D:1      | Reached XP level 1. HP: 11/11 MP: 3/3
   223 | D:1      | Reached XP level 2. HP: 18/18 MP: 0/5
   720 | D:1      | Found a faded altar of an unknown god.
   832 | D:1      | Found Ugirgh's Assorted Antiques.
  1008 | D:2      | Reached skill level 1 in Fighting
  1148 | D:2      | Reached XP level 3. HP: 19/23 MP: 6/6
  1227 | D:2      | Learned a level 3 spell: Stone Arrow
  1230 | D:2      | Learned a level 2 spell: Passwall
  1631 | D:2      | Reached XP level 4. HP: 27/28 MP: 7/7
  2195 | D:3      | Found a large runed translucent door.
  2196 | D:3      | Found a large runed translucent door.
  2627 | D:3      | Reached skill level 1 in Conjurations
  2752 | D:3      | Found a runed translucent door.
  2753 | D:3      | Noticed Crazy Yiuf
  2867 | D:3      | Found an ancient bone altar of Kikubaaqudgha.
  2876 | D:3      | Found a hide-covered altar of Uskayaw.
  2942 | D:3      | Killed Crazy Yiuf
  2943 | D:3      | Reached XP level 5. HP: 5/34 MP: 1/8
  3240 | D:4      | Killed from afar by an orc priest

Illustrated notes

Levels and vault maps discovered:
D:1:      matt_arrival_debris, layout_basic,
          dreamdust_ecumenical_altar_hidden_monk_grotto, serial_shops,
          nicolae_shop_behind_doors
D:2:      layout_basic, supply_closet_lemuel, minmay_three_crescents
D:3:      layout_loops_ring, jmf_multi_god_temple2, serial_park_tiny_pond,
          st_stairs_1, amcnicky_mini_pool_small, minmay_misc_feat_hallway,
          uniq_crazy_yiuf_cottage
D:4:      layout_cave_pools, uniq_sigmund

Skill      XL: |  1  2  3  4 |
---------------+-------------+-----
Stealth        | 3 4 |  4.0
Fighting       | 1 2 |  2.0
Earth Magic    | 4 |  4.3
Conjurations   | 1 |  1.3
Dodging        | |  2.0
Spellcasting   | |  2.0
Transmutations | |  1.0

Action                   |  1- 3 |  4- 6 || total
-------------------------+-------+-------++-------
Melee: Dagger            |    21 |    24 ||    45
       Constrict         |     3 |     6 ||     9
       Tentacles         |     2 |     5 ||     7
 Cast: Sandblast         |    18 |    19 ||    37
       Stone Arrow       |       |     1 ||     1
 Stab: Sleeping          |     6 |     5 ||    11
       Distracted        |       |     1 ||     1
Armor: Skin              |     2 |       ||     2
Dodge: Dodged            |    11 |    12 ||    23

Table legend: (Time is in decaauts)
 A = Elapsed time spent in this place.
 B = Non-inter-level travel time spent in this place.
 C = Inter-level travel time spent in this place.
 D = Time resting spent in this place.
 E = Time spent auto-exploring this place.
 F = Levels seen in this place.
 G = Mean time per level.
                   A        B        C        D        E       F      G
               +--------+--------+--------+--------+--------+-----+--------+
         Total |   3238 |   3106 |    132 |     70 |   2661 |   4 |  809.5 |
       Dungeon |   3238 |   3106 |    132 |     70 |   2661 |   4 |  809.5 |
               +--------+--------+--------+--------+--------+-----+--------+

Top non-repeatable levels by time:
     D:3: 1186 daAuts
     D:2: 1068 daAuts
     D:1: 970 daAuts
     D:4: 12 daAuts
